 Dungeon Crawl Stone Soup version 0.28-a0-1143-gcf6077d4cc (webtiles) character file.

Game seed: 2600290346549781142

8122 septik the Severer (level 11, -15/123 HPs)
             Began as a Minotaur Berserker on Dec 13, 2021.
             Was an Elder of Trog.
             Demolished by an orc warrior (17 damage)
             ... in a bailey.
             The game lasted 00:24:01 (12612 turns).

septik the Severer (Minotaur Berserker)            Turns: 12612, Time: 00:24:02

Health: -15/123    AC: 11    Str: 26    XL:     11   Next: 5%
Magic:  10/10      EV:  7    Int:  4    God:    Trog [****..]
Gold:   725        SH:  6    Dex: 14    Spells: 10/10 levels left

rFire   . . .      SeeInvis +   G - +3 war axe (vorpal)
rCold   . . .      Faith    .   S - +3 buckler "Caovvof" {Dex+4}
rNeg    . . .      Spirit   .   R - +0 plate armour
rPois   .          Reflect  .   (helmet restricted)
rElec   .          Harm     .   (no cloak)
rCorr   .          Rampage  .   (no gloves)
Will    ++...                   (no boots)
Stlth   ..........              P - amulet of regeneration
HPRegen 2.10/turn               M - ring of see invisible
MPRegen 0.12/turn               (no ring)

@: berserking (expiring), strong-willed, regenerating, very quick
A: horns 2, retaliatory headbutt
a: Renounce Religion, Berserk, Trog's Hand, Brothers in Arms


You were in a bailey.
You worshipped Trog.
Trog was greatly pleased with you.
You visited 2 branches of the dungeon, and saw 11 of its levels.
You also visited: Ossuary and Bailey.

You collected 725 gold pieces.

Inventory:

Hand Weapons
 a - a +0 hand axe
 b - a +0 shortbow
 r - a +3 whip of draining
 E - a +0 hunting sling
 G - a +3 vorpal war axe (weapon)
Missiles
 i - 223 arrows
 l - 337 stones (quivered)
 q - 57 poisoned darts
 s - 6 curare-tipped darts
 x - 7 boomerangs
 D - 3 throwing nets
 J - 3 atropa-tipped darts
Armour
 C - a +0 chain mail
 R - a +0 plate armour (worn)
 S - the +3 buckler "Caovvof" (worn) {Dex+4}
   (You found it on level 9 of the Dungeon)

   Dex:       It affects your dexterity (+4).
Jewellery
 M - a ring of see invisible (left hand)
 P - an amulet of regeneration (around neck)
 Q - a +6 ring of intelligence
 T - an amulet of reflection
Wands
 F - a wand of flame (66)
 H - a wand of mindburst (15)
Scrolls
 c - 2 scrolls of immolation
 d - 2 scrolls of enchant weapon
 f - a scroll of amnesia {unknown}
 g - 6 scrolls of teleportation
 h - a scroll of fog
 j - a scroll of torment
 t - 2 scrolls of fear
 v - 3 scrolls of enchant armour
 y - a scroll of summoning {unknown}
 K - 5 scrolls of identify
 L - a scroll of vulnerability {unknown}
 N - a scroll of noise
 O - a scroll of magic mapping {unknown}
 V - a scroll of acquirement
Potions
 e - 3 potions of heal wounds
 k - 2 potions of resistance {unknown}
 m - 2 potions of flight {unknown}
 n - 3 potions of attraction {unknown}
 o - a potion of degeneration {unknown}
 p - 9 potions of curing
 u - a potion of might {unknown}
 w - 2 potions of haste {unknown}
 z - 5 potions of invisibility {unknown}
 A - 3 potions of cancellation {unknown}
 B - a potion of lignification {unknown}
 I - 3 potions of magic {unknown}
 U - 2 potions of mutation {unknown}
 W - a potion of brilliance {unknown}


   Skills:
 - Level 3.6 Fighting
 + Level 19.9 Axes
 - Level 2.4 Armour
 - Level 2.1 Dodging


You had 10 spell levels left.
You didn't know any spells.
Your spell library was empty.

Dungeon Overview and Level Annotations

Branches:
Dungeon (10/15)            Temple (0/1) D:5            Lair (1/6) D:9
    Orc (0/2) D:9         Ossuary (visited)          Bailey (1/1)

Altars:
Nemelex Xobeh
Okawaru
Qazlal
Trog
Vehumet
Wu Jian
Yredelemnul
The Shining One

Shops:
D:6 *


Innate Abilities, Weirdness & Mutations

You have a pair of horns on your head.
You reflexively headbutt those who attack you in melee.


Message History

You block the orc warrior's attack. The orc closely misses you.
You furiously retaliate!
You headbutt the orc!
You kill the orc!
Trog accepts your kill.
The orc warrior hits you from afar with a +0 halberd!!
* * * LOW HITPOINT WARNING * * *
You block the orc's attack.
You are too injured to fight recklessly!
Unknown command.
You are too injured to fight recklessly!
The orc hits you but does no damage. You block the orc's attack.
The orc hits you but does no damage.
Your ogre hits the orc with a +0 giant club!!
The orc dies!
Trog accepts your kill. The orc barely misses you. You furiously retaliate!
You headbutt the orc!
You kill the orc!
Trog accepts your kill.
You closely miss the orc knight. You slash the orc warrior!
You hit the orc warrior. You block the orc warrior's attack.
You block the orc knight's attack. The orc warrior barely misses you.
The orc barely misses you.
Unknown command.
You barely miss the orc knight.
You headbutt the orc knight, but do no damage.
You barely miss the orc warrior. You slash the orc warrior!
Your ogre barely misses the orc warrior.
The orc warrior hits you with a +0 glaive!
* * * LOW HITPOINT WARNING * * *
The orc hits you from afar with a +0 halberd.
* * * LOW HITPOINT WARNING * * *
The orc hits you from afar with a +0 trident!
* * * LOW HITPOINT WARNING * * *
You slash the orc knight! Your headbutt misses the orc knight.
The orc knight is moderately wounded.
You closely miss the orc warrior. You slash the orc warrior!
You kill the orc warrior!
Trog accepts your kill.
The orc warrior hits you from afar with a +0 halberd!
You die...

####### #######
##.....#########.....##
+.....oo#.....#.......#
+....).)).....'...))).#
+....o@oO.....'...))..'
+....)).).....'...))).#
+.....oo#.....#....)).#
##.....#########.....##
####### #######


You could see an orc knight, 2 orc warriors, 3 orcs and a friendly ogre
(summoned, berserk).

Vanquished Creatures
  A two-headed ogre (D:6)
  A komodo dragon (Lair:1)
  Grinder (D:6)
  2 hornets
  A vampire (D:10)
  6 yaks (Lair:1)
  A wyvern (D:5)
  4 fire bats (D:8)
  3 vampire mosquitoes (D:10)
  Edmund (D:6)
  A hell hound (D:8)
  A water moccasin (D:5)
  8 orc warriors (Bailey)
  2 black bears
  3 ogres (D:5)
  A sky beast (D:8)
  2 necrophages (D:6)
  3 centaurs
  2 phantoms (D:6)
  2 kobold brigands
  3 gnoll sergeants
  2 scorpions (D:5)
  A water moccasin zombie (D:5)
  2 wyvern zombies
  A water moccasin skeleton (D:4)
  5 wights (D:9)
  A howler monkey (D:5)
  2 lava snakes (D:8)
  2 bullfrog zombies
  4 centaur zombies
  5 hounds
  5 orc priests
  A gnoll shaman (D:4)
  A bullfrog skeleton (D:5)
  9 iguanas
  A scorpion zombie (D:5)
  5 orc wizards
  A killer bee zombie (D:7)
  2 mummies (Ossuary)
  2 hound skeletons
  4 howler monkey zombies
  3 howler monkey skeletons
  13 gnolls
  4 adders
  A shadow imp (D:6)
  2 white imps
  An ufetubus (D:7)
  An adder skeleton (D:4)
  3 adder zombies (Ossuary)
  A worm (D:2)
  4 dart slugs
  69 orcs
  6 endoplasms
  A giant cockroach (D:1)
  7 goblins
  12 hobgoblins
  9 jackals
  A quokka (D:3)
  11 ball pythons
  6 bats
  4 frilled lizards
  2 goblin zombies (Ossuary)
  8 hobgoblin zombies (Ossuary)
  A jackal zombie (Ossuary)
  12 kobolds
  11 kobold zombies (Ossuary)
  9 orc zombies (Ossuary)
  6 rats
  A rat zombie (Ossuary)
314 creatures vanquished.

Vanquished Creatures (collateral kills)
  2 orcs (Bailey)
2 creatures vanquished.

Grand Total: 316 creatures vanquished

Notes
Turn   | Place    | Note
-------+----------+-------------------------------------------
     0 | D:1      | septik the Minotaur Berserker began the quest for the Orb.
     0 | D:1      | Reached XP level 1. HP: 19/19 MP: 0/0
   144 | D:1      | Reached skill level 4 in Axes
   350 | D:1      | Reached XP level 2. HP: 22/26 MP: 1/1
   764 | D:1      | Reached skill level 5 in Axes
   945 | D:2      | Reached XP level 3. HP: 22/31 MP: 2/2
  1142 | D:2      | Reached ** piety under Trog
  1756 | D:2      | Found a faded altar of an unknown god.
  2161 | D:3      | Reached XP level 4. HP: 39/39 MP: 3/3
  2166 | D:3      | Reached skill level 6 in Axes
  2517 | D:3      | Found a bloodstained altar of Trog.
  2672 | D:3      | Found an ornate altar of the Wu Jian Council.
  2678 | D:3      | Found a sparkling altar of Nemelex Xobeh.
  2679 | D:3      | Found a radiant altar of Vehumet.
  2680 | D:3      | Found a glowing golden altar of the Shining One.
  2709 | D:3      | Found a basalt altar of Yredelemnul.
  2966 | D:4      | Found a stormy altar of Qazlal.
  2968 | D:4      | Found an iron altar of Okawaru.
  3270 | D:4      | Reached skill level 7 in Axes
  3270 | D:4      | Reached XP level 5. HP: 45/45 MP: 4/4
  3532 | D:4      | Reached skill level 8 in Axes
  3753 | D:4      | Reached XP level 6. HP: 40/51 MP: 5/5
  4571 | D:4      | Reached skill level 9 in Axes
  4772 | D:5      | Entered Level 5 of the Dungeon
  4833 | D:5      | Found a sand-covered staircase.
  4842 | Ossuary  | Entered an ossuary
  4859 | Ossuary  | Reached *** piety under Trog
  4983 | Ossuary  | Reached XP level 7. HP: 45/57 MP: 6/6
  5207 | D:5      | Reached skill level 10 in Axes
  5422 | D:5      | Reached **** piety under Trog
  5440 | D:5      | Noticed a wyvern
  5445 | D:5      | Killed a wyvern
  5446 | D:5      | Reached skill level 11 in Axes
  5600 | D:5      | Reached XP level 8. HP: 55/64 MP: 7/7
  5649 | D:5      | Found a staircase to the Ecumenical Temple.
  5657 | D:5      | Reached skill level 12 in Axes
  6110 | D:5      | Reached skill level 13 in Axes
  6442 | D:5      | Reached skill level 14 in Axes
  6536 | D:6      | Reached XP level 9. HP: 65/70 MP: 8/8
  6619 | D:6      | Noticed Grinder
  6637 | D:6      | Noticed a two-headed ogre
  6649 | D:6      | Killed a two-headed ogre
  6650 | D:6      | Reached skill level 15 in Axes
  6811 | D:6      | Found Bucif's Mass Market.
  6946 | D:6      | Killed Grinder
  6947 | D:6      | Reached skill level 16 in Axes
  7141 | D:6      | Noticed Edmund
  7160 | D:6      | Killed Edmund
  7505 | D:7      | Paralysed by a hornet for 2 turns
  7510 | D:7      | Paralysed by a hornet for 2 turns
  8773 | D:8      | Reached skill level 17 in Axes
  8829 | D:8      | Reached XP level 10. HP: 77/77 MP: 9/9
 10119 | D:9      | Found a staircase to the Lair.
 10479 | D:9      | Reached skill level 18 in Axes
 11119 | D:9      | Identified the +3 buckler "Caovvof" {Dex+4}
 11586 | D:9      | Found a staircase to the Orcish Mines.
 11793 | Lair:1   | Entered Level 1 of the Lair of Beasts
 11813 | Lair:1   | Reached skill level 19 in Axes
 11882 | D:10     | Entered Level 10 of the Dungeon
 12371 | D:10     | Found a flagged portal.
 12377 | Bailey   | Entered a bailey
 12481 | Bailey   | Reached XP level 11. HP: 39/82 MP: 10/10
 12599 | Bailey   | Noticed an orc knight
 12611 | Bailey   | HP: 1/123 [orc (9)]
 12612 | Bailey   | Demolished by an orc warrior

Illustrated notes

Levels and vault maps discovered:
D:1:      lightli_arrival_statue_moat, layout_basic, minmay_misc_feat_chi
D:2:      layout_loops_corners, basic_ecumenical_altar, kennysheep_doodads
D:3:      layout_loops_corners, minitemple, mainiacjoe_overflow_tiny_flanked
D:4:      minmay_chambers_of_twos, layout_gridville,
          mainiacjoe_overflow_catwalk_spiral
D:5:      cheibrodos_barr_body, layout_rooms, minmay_temple_entry_tees,
          nicolae_ossuary_entry_ruins
D:6:      layout_rooms, minmay_shop_mass, uniq_grinder, uniq_edmund
D:7:      layout_loops_ring
D:8:      layout_basic, hangedman_incinerator, uniq_maggie
D:9:      layout_layer_cave, dpeg_oklobed_lair, hiddenorc1_lemuel
D:10:     layout_cave_pods, enter_bailey_2
Lair:1:   layout_regular_city, hellmonk_guarded_unrand_zhor
Bailey:   bailey_polearm_5, bailey

Skill      XL: |  1  2  3  4  5  6  7  8  9 10 |
---------------+-------------------------------+-----
Axes           | 4 5 7 8 9 11 14 17 19 | 19.9
Fighting       | |  3.6
Armour         | |  2.4
Dodging        | |  2.1

Action                   |  1- 3 |  4- 6 |  7- 9 | 10-12 || total
-------------------------+-------+-------+-------+-------++-------
Melee: Hand axe          |    81 |   187 |   225 |       ||   493
       Headbutt          |    15 |    35 |    70 |    34 ||   154
       Whip              |       |       |    70 |       ||    70
       War axe           |       |       |    10 |   187 ||   197
 Fire: Shortbow          |     6 |       |       |       ||     6
Invok: Berserk           |       |     6 |    11 |    10 ||    27
       Trog's Hand       |       |     2 |     2 |     2 ||     6
       Brothers in Arms  |       |       |       |     1 ||     1
  Use: Scroll            |     1 |     2 |     3 |     4 ||    10
 Stab: Sleeping          |     2 |     1 |       |       ||     3
Armor: Animal skin       |    25 |     7 |       |       ||    32
       Ring mail         |       |    28 |    14 |       ||    42
       Chain mail        |       |       |    78 |    26 ||   104
       Plate armour      |       |       |       |    44 ||    44
Dodge: Dodged            |    46 |   102 |    91 |    95 ||   334
Block: Buckler           |       |       |       |    48 ||    48

Table legend: (Time is in decaauts)
 A = Elapsed time spent in this place.
 B = Non-inter-level travel time spent in this place.
 C = Inter-level travel time spent in this place.
 D = Time resting spent in this place.
 E = Time spent auto-exploring this place.
 F = Levels seen in this place.
 G = Mean time per level.
                   A        B        C        D        E       F      G
               +--------+--------+--------+--------+--------+-----+--------+
         Total |  12692 |  12193 |    499 |   2355 |   7612 |  13 |  976.3 |
       Dungeon |  12027 |  11528 |    499 |   2231 |   7340 |  10 | 1202.7 |
          Lair |     84 |     84 |      0 |     49 |      0 |   1 |   84.0 |
       Ossuary |    339 |    339 |      0 |      0 |    199 |   1 |  339.0 |
        Bailey |    240 |    240 |      0 |     74 |     73 |   1 |  240.0 |
               +--------+--------+--------+--------+--------+-----+--------+

Top non-repeatable levels by time:
     D:8: 1874 daAuts
     D:4: 1865 daAuts
     D:9: 1671 daAuts
     D:5: 1553 daAuts
     D:3: 1018 daAuts
     D:2: 995 daAuts
     D:1: 930 daAuts
     D:7: 881 daAuts
     D:6: 802 daAuts
    D:10: 434 daAuts
 Ossuary: 339 daAuts
  Bailey: 240 daAuts
  Lair:1: 84 daAuts
